 Dungeon Crawl Stone Soup version 0.26.1-10-gdfb7c7de75 (webtiles) character file.

Game seed: 4797056079308384928

126 Gabide the Grave Robber (level 4, -19/30 HPs)
             Began as a Mummy Necromancer on Apr 9, 2021.
             Demolished by Terence
             ... wielding a +3 mace of distortion
              (22 damage)
             ... on level 3 of the Dungeon.
             The game lasted 00:11:51 (3653 turns).

Gabide the Grave Robber (Mummy Necromancer)         Turns: 3653, Time: 00:11:51

Health: -19/30     AC:  3    Str: 11    XL:     4   Next: 83%
Magic:  1/10       EV: 12    Int: 15    God:
Gold:   147        SH:  0    Dex: 12    Spells: 3/12 levels left

rFire    x . .     SeeInvis .   (no weapon)
rCold    + . .     Faith    .   (no shield)
rNeg     + + +     Spirit   .   a - +1 robe
rPois    ∞         Reflect  .   (no helmet)
rElec    .         Harm     .   (no cloak)
rCorr    .         Rampage  .   (no gloves)
Will     .....                  (no boots)
Stlth    ++........             (no amulet)
HPRegen  0.10/turn              (no ring)
MPRegen  0.12/turn              (no ring)

@: very slightly contaminated
A: no potions, fire vulnerability, cold resistance 1, negative energy resistance
3, torment resistance, unbreathing
a: no special abilities


You were on level 3 of the Dungeon.
You visited 1 branch of the dungeon, and saw 3 of its levels.

You collected 147 gold pieces.

Inventory:

Missiles
 b - 2 atropa-tipped darts
Armour
 a - a +1 robe (worn)
Scrolls
 c - a scroll of identify


   Skills:
 + Level 1.9 Dodging
 + Level 1.7 Stealth
 + Level 4.6 Spellcasting
 * Level 5.1 Necromancy


You had 3 spell levels left.
You knew the following spells:

 Your Spells              Type           Power        Failure   Level
a - Pain                  Necr           72%          1%          1
b - Animate Skeleton      Necr           36%          1%          1
c - Vampiric Draining     Necr           9%           6%          3
d - Animate Dead          Necr           9%           21%         4

Your spell library contained the following spells:

 Spells                   Type           Power        Failure   Level
 Agony                    Necr           18%          50%         5


Dungeon Overview and Level Annotations

Branches:
Dungeon (3/15)

Altars:
Cheibriados
Okawaru
Xom

Annotations:
D:3 Terence


Innate Abilities, Weirdness & Mutations

You do not drink.
Your flesh is vulnerable to fire.
You are immune to poison.
Your flesh is cold resistant. (rC+)
You are immune to negative energy. (rN+++)
You are immune to unholy pain and torment.
You can survive without breathing.


Message History

Casting: Pain (safe; 1% risk of failure)
Confirm with . or Enter, or press ? or * to list all spells.
The spell is extremely dangerous to cast (21% risk of failure)!
Continue anyway?
You miscast Animate Dead.
You are very lightly contaminated with residual magic.
You convulse helplessly as pain tears through your body.
You resist.
You can't go up here!
Casting: Animate Dead (extremely dangerous; 21% risk of failure)
Confirm with . or Enter, or press ? or * to list all spells.
The spell is extremely dangerous to cast (21% risk of failure)!
Continue anyway?
You miscast Animate Dead.
Nothing appears to happen.
Terence hits you with a +3 mace of distortion!
Space bends around you.
* * * LOW HITPOINT WARNING * * *
Terence hits you with a +3 mace of distortion.
* * * LOW HITPOINT WARNING * * *
Space warps horribly around you!!
Ouch! That really hurt!
You die...

#..)......+
.......#......#
##.....#......#
.../...####..## #
##?.... #.l# .#
#..... ###..# ##.##.
#..... #....# .....
..#### #.#.@##.#.##
#.#..@.....# .
#.###..##..# # ####
#...=..# ..# ##
....#####..>##).#####
.
.....................
. ..
....##..###..###### #
##.# #...##..# .....#
#....#.
###.#...#.##.###
#.#..^.
#.#.....#.....


You could see Terence and a frilled lizard.

Vanquished Creatures
  2 gnolls (D:2)
  3 adders
  An ooze (D:1)
  A worm (D:1)
  2 dart slugs
  2 leopard geckos (D:1)
  A ball python (D:1)
  3 giant cockroaches
  9 goblins
  7 hobgoblins
  5 jackals (D:2)
  8 kobolds
  7 bats
  9 frilled lizards
  7 rats
67 creatures vanquished.

Notes
Turn   | Place    | Note
-------+----------+-------------------------------------------
     0 | D:1      | Gabide the Mummy Necromancer began the quest for the Orb.
     0 | D:1      | Reached XP level 1. HP: 13/13 MP: 4/4
   171 | D:1      | Reached XP level 2. HP: 15/19 MP: 3/5
   869 | D:1      | Reached XP level 3. HP: 16/24 MP: 1/7
  1474 | D:2      | HP: 1/24 [worm (7)]
  2307 | D:2      | Learned a level 1 spell: Animate Skeleton
  2311 | D:2      | Learned a level 3 spell: Vampiric Draining
  2475 | D:2      | Found a snail-covered altar of Cheibriados.
  2629 | D:2      | Reached XP level 4. HP: 21/30 MP: 0/10
  2990 | D:2      | Learned a level 4 spell: Animate Dead
  3137 | D:2      | Found an iron altar of Okawaru.
  3242 | D:2      | Found a shimmering blue altar of Sif Muna.
  3247 | D:2      | Reached skill level 5 in Necromancy
  3270 | D:2      | Found a glowing silver altar of Zin.
  3270 | D:2      | Found a bloodstained altar of Trog.
  3272 | D:2      | Found a shadowy altar of Dithmenos.
  3272 | D:2      | Found a shimmering altar of Xom.
  3272 | D:2      | Found a basalt altar of Yredelemnul.
  3639 | D:3      | Noticed Terence
  3653 | D:3      | Demolished by Terence

Illustrated notes

Levels and vault maps discovered:
D:1:      heliophobic_arrival_enchanted_forest, layout_basic
D:2:      layout_basic, okawaru_altar_gauntlet_db, kennysheep_slug_shrine,
          doesnt_xom_only_xom
D:3:      layout_basic, lemuel_coloured_pillars_altar,
          pdpol_wu_jian_five_deadly_venoms, uniq_terence

Skill      XL: |  1  2  3  4 |
---------------+-------------+-----
Spellcasting   | 3 4 |  4.6
Necromancy     | 5 |  5.1
Dodging        | |  1.9
Stealth        | |  1.7

Action                   |  1- 3 |  4- 6 || total
-------------------------+-------+-------++-------
Melee: Unarmed           |    60 |     3 ||    63
 Cast: Pain              |   114 |    48 ||   162
       Animate Skeleton  |     1 |       ||     1
       Vampiric Draining |     1 |       ||     1
  Use: Scroll            |     4 |     3 ||     7
Armor: Robe              |    22 |     2 ||    24
Dodge: Dodged            |    57 |    16 ||    73
